 Dungeon Crawl Stone Soup version 0.32-a0-172-gc5dd13f2a7 (webtiles) character file.

Game seed: 10133403761988664726

4343 Pestilence the Cleaver (level 10, 0/102 HPs)
             Began as a Vampire Fighter on Feb 12, 2024.
             Was an Elder of Okawaru.
             Succumbed to a hornet's poison
             ... on level 7 of the Dungeon.
             The game lasted 00:13:25 (6372 turns).

Pestilence the Cleaver (Vampire Fighter)            Turns: 6372, Time: 00:13:26

Health: 0/102      AC: 10    Str: 19    XL:     10   Next: 12%
Magic:  10/10      EV:  6    Int: 10    God:    Okawaru [****..]
Gold:   419        SH: 13    Dex: 21    Spells: 9/9 levels left

rFire   + . .        l - +8 broad axe "Goalodd" {elec, +Blink}
rCold   . . .        k - +0 kite shield
rNeg    . . .        e - +0 chain mail
rPois   .            n - +2 hat
rElec   .            j - scarf {harm}
rCorr   .            (no gloves)
SInv    +            (no boots)
Will    +....        (no amulet) Stlth
                     b - ring of protection from fire
HPRegen 0.57/turn    o - +6 ring of dexterity
MPRegen 0.12/turn

%: harm (+30% outgoing, +20% incoming)
@: berserking (expiring), lethally poisoned (0 -> -12), healing quickly, slowed
A: alive, fangs 3, see invisible, vampiric 2
a: Exsanguinate, Renounce Religion, Evoke Blink, Heroism, Finesse


You were on level 7 of the Dungeon.
You worshipped Okawaru.
Okawaru was greatly pleased with you.
You visited 2 branches of the dungeon, and saw 9 of its levels.

You collected 419 gold pieces.

Inventory:

Hand Weapons
 l - the +8 broad axe "Goalodd" (weapon) {elec, +Blink}
   (You acquired it on level 3 of the Dungeon)

   +Blink:    It lets you blink.
Armour
 e - a +0 chain mail (worn)
 j - a scarf of harm (worn)
 k - a +0 kite shield (worn)
 n - a +2 hat (worn)
Jewellery
 b - a ring of protection from fire (left hand)
 o - a +6 ring of dexterity (right hand)
Wands
 h - a wand of polymorph (3)
 t - a wand of quicksilver (8)
 u - a wand of mindburst (8)
 y - a wand of flame (17)
Scrolls
 a - a scroll of revelation
 i - 7 scrolls of identify
 v - a scroll of fear
 w - a scroll of fog
Potions
 c - 2 potions of heal wounds
 d - 3 potions of might
 f - a potion of curing
 m - a potion of brilliance
 p - 2 potions of cancellation
 q - 2 potions of enlightenment
 r - a potion of attraction
 s - a potion of berserk rage
 x - a potion of haste


   Skills:
 - Level 2.6 Fighting
 + Level 9.9 Axes
 - Level 2.4 Armour
 + Level 9.9 Shields


You had 9 spell levels left.
You didn't know any spells.
Your spell library contained the following spells:

 Spells                   Type           Power      Damage    Failure   Level
 Apportation              Tloc           0%         N/A       100%        1
 Freeze                   Ice            0%         1d3       100%        1
 Jinxbite                 Hex            0%         N/A       100%        2
 Frozen Ramparts          Ice            0%         1d1       100%        3
 Hailstorm                Conj/Ice       0%         3d5       100%        3
 Alistair's Intoxication  Alch           0%         N/A       100%        5


Dungeon Overview and Level Annotations

Branches:
Dungeon (8/15)             Temple (1/1) D:4
   Lair: D:8-11

Altars:
Ashenzari
Cheibriados
Dithmenos
Fedhas
Hepliaklqana
Kikubaaqudgha
Makhleb
Nemelex Xobeh
Okawaru
Qazlal
Sif Muna
Trog
Uskayaw
Wu Jian
Xom
Yredelemnul

Annotations:
D:6 1 runed translucent door, anacleto's ghost, novice SpHu


Innate Abilities, Weirdness & Mutations

Your natural rate of healing is accelerated.
You have razor-sharp teeth.
You have supernaturally acute eyesight. (SInv)
You are afflicted with vampirism and can become a bat while bloodless.


Message History

The hornet stings you!
You feel as though you will be slow longer.
The kobold hits you but does no damage.
A red film seems to cover your vision as you go berserk!
You feel yourself moving faster!
You feel mighty! The hornet barely misses you. You block the hornet's attack.
You block the kobold's attack.
You slash the hornet!
The hornet is heavily wounded.
You slash the kobold!
You kill the kobold!
The hornet stings you!
* * * LOW HITPOINT WARNING * * *
You are poisoned.
You feel as though you will be slow longer.
The hornet stings you!
* * * LOW HITPOINT WARNING * * *
You are lethally poisoned!
You feel as though you will be slow longer.
You slash the hornet! Lightning courses through the hornet!!
You kill the hornet!
Okawaru accepts your kill.
* * * LOW HITPOINT WARNING * * *
You feel extremely sick.
* * * LOW HITPOINT WARNING * * *
You feel very sick.
Things that are here:
a +0 whip; a hornet corpse; a kobold skeleton Unknown command.
You are too berserk!
There is a lethal amount of poison in your body!
Okay, then.
Okay, then.
You are too berserk!
You are too berserk!
You are too berserk!
You are too berserk!
There is a lethal amount of poison in your body!
There is a lethal amount of poison in your body!
You feel a strong urge to attack something.
You die...

#.# #.##....# #.#
###.####.##....# #.#
.##......##....#####.#
..........#..........#
...............###.#.#
.#######...........#.#
.#..#.##.......#####.#
.#..#..#..##...#####.#####
.##'#'##..###...@>)......#
.#....⌠#..# #####.##.#####
.'....ß#..# #.####
.#....⌠#.## #.# .#######.#
#.# .........# #.#
.<.......### #.#
#.#........# #.#
......#.##.# #.#


There were no monsters in sight!

Vanquished Creatures
  Pikel (D:7)
  A hornet (D:7)
  Sigmund (D:3)
  A wraith (D:6)
  Eustachio (D:6)
  Menkaure (D:4)
  A water moccasin (D:6)
  2 sky beasts
  An orc warrior (D:7)
  2 ogres (D:7)
  2 black bears (D:7)
  4 centaurs
  A lemure (D:7)
  A kobold brigand (D:8)
  A bullfrog (D:6)
  2 scorpions
  4 wights (D:6)
  15 killer bees
  A howler monkey (D:7)
  2 jellies
  2 bombardier beetles
  7 orc priests
  Crazy Yiuf (D:4)
  2 gnoll boudas
  A sleepcap (D:6)
  Natasha (thrice) (D:3)
  Terence (D:1)
  An iguana (D:7)
  5 orc wizards
  8 gnolls
  6 adders
  2 white imps
  3 dart slugs (D:1)
  33 orcs
  8 ball pythons
  5 bats
  7 endoplasms
  2 giant cockroaches
  7 goblins
  8 hobgoblins
  2 jackals (D:1)
  6 quokkas
  2 training dummies (D:7)
  12 kobolds
  6 rats
185 creatures vanquished.

Notes
Turn   | Place    | Note
-------+----------+-------------------------------------------
     0 | D:1      | Pestilence the Vampire Fighter began the quest for the Orb.
     0 | D:1      | Reached XP level 1. HP: 17/17 MP: 1/1
   127 | D:1      | Reached XP level 2. HP: 22/23 MP: 2/2
   333 | D:1      | Gained mutation: You are afflicted with vampirism and can
                  | become a bat while bloodless. [Vampire growth]
   333 | D:1      | Reached XP level 3. HP: 28/28 MP: 3/3
   827 | D:1      | Found a faded altar of an unknown god.
  1203 | D:2      | Noticed Terence
  1255 | D:1      | Killed Terence
  1256 | D:1      | Reached XP level 4. HP: 29/34 MP: 4/4
  1787 | D:3      | Reached XP level 5. HP: 39/39 MP: 5/5
  1890 | D:3      | Noticed Natasha
  1895 | D:3      | Killed Natasha
  1939 | D:3      | Noticed Natasha
  1942 | D:3      | Killed Natasha
  1969 | D:3      | Identified the +7 hand axe of Gluttony {venom, rElec rF+
                  | MP+9}
  2102 | D:3      | Noticed Sigmund
  2108 | D:3      | Identified a scroll of acquirement
  2108 | D:3      | Acquired the +8 broad axe "Goalodd" {elec, +Blink}
  2114 | D:3      | Killed Sigmund
  2115 | D:3      | Reached XP level 6. HP: 44/46 MP: 6/6
  2166 | D:3      | Noticed Natasha
  2172 | D:3      | Killed Natasha
  2173 | D:3      | Reached skill level 5 in Axes
  2286 | D:3      | Found a sparkling altar of Nemelex Xobeh.
  2287 | D:3      | Found an ornate altar of the Wu Jian Council.
  2429 | D:4      | Found a runed translucent door.
  2430 | D:4      | Noticed Crazy Yiuf
  2482 | D:4      | Noticed Menkaure
  2487 | D:4      | Killed Menkaure
  2488 | D:4      | Reached skill level 5 in Shields
  2488 | D:4      | Reached XP level 7. HP: 23/51 MP: 7/7
  2759 | D:4      | Found a staircase to the Ecumenical Temple.
  3114 | D:4      | Found a shadowy altar of Dithmenos.
  3119 | D:4      | Found a broken altar of Ashenzari.
  3209 | D:4      | Killed Crazy Yiuf
  3284 | Temple   | Entered the Ecumenical Temple
  3347 | Temple   | Became a worshipper of Warmaster Okawaru
  3390 | D:5      | Entered Level 5 of the Dungeon
  3957 | D:6      | Noticed a wraith
  3963 | D:6      | Killed a wraith
  3964 | D:6      | Reached XP level 8. HP: 31/57 MP: 8/8
  3990 | D:6      | Noticed Eustachio
  4000 | D:6      | Killed Eustachio
  4000 | D:6      | Reached * piety under Okawaru
  4241 | D:6      | Reached ** piety under Okawaru
  4347 | D:6      | Found a runed translucent door.
  4352 | D:6      | Found a shimmering altar of Xom.
  4352 | D:6      | Noticed anacleto's ghost (novice SpHu)
  4354 | D:6      | Noticed a +6 dagger of chaos
  4427 | D:6      | Reached XP level 9. HP: 62/62 MP: 9/9
  5113 | D:7      | Reached *** piety under Okawaru
  5557 | D:7      | Noticed Pikel
  5567 | D:7      | Killed Pikel
  6077 | D:8      | Reached **** piety under Okawaru
  6092 | D:8      | Reached XP level 10. HP: 32/68 MP: 10/10
  6241 | D:8      | Paralysed by a hornet for 3 turns
  6371 | D:7      | HP: 3/102 [poisoned by a hornet]
  6372 | D:7      | Succumbed to a hornet's poison

Illustrated notes

Levels and vault maps discovered:
D:1:      onia_arrival_pentagram, layout_loops_cross,
          chequers_ecumenical_altar_grove, minmay_misc_feat_rugged,
          chequers_serial_rivers_micro_b, hangedman_decor_clover_reticule,
          minmay_pentomino_q2
D:2:      layout_basic, uniq_terence
D:3:      layout_basic, minitemple, uniq_sigmund, uniq_natasha
D:4:      layout_basic, jmf_multi_god_temple2,
          minmay_temple_entry_enclosed_plants, minmay_misc_feat_iff,
          uniq_menkaure, uniq_crazy_yiuf_cottage
D:5:      layout_loops_ring
D:6:      layout_basic, ebering_ghost_xom, uniq_eustachio
D:7:      dreamdust_elfheim, layout_basic, chequers_serial_rivers_room_b,
          chequers_serial_rivers_micro_c, uniq_pikel
D:8:      layout_rooms, mainiacjoe_overflow_24_doors, serial_co_window_serial,
          co_window_paths_a, co_window_corner_a, co_window_of_opportunity_a,
          co_window_paths_a, co_window_paths_b, co_window_corner_b,
          co_window_broadway_b, co_window_broadway_c, co_window_broadway_a,
          co_window_4corner_b, glass_columns_a, glass_columns_c,
          glass_columns_b, glass_columns_a, glass_columns_a
Temple:   eino_temple_lava

Skill      XL: |  1  2  3  4  5  6  7  8  9 |
---------------+----------------------------+-----
Axes           | 2 3 4 5 6 8 9 |  9.9
Shields        | 3 4 5 6 7 9 |  9.9
Fighting       | |  2.6
Armour         | |  2.4

Action                     |  1- 3 |  4- 6 |  7- 9 | 10-12 || total
---------------------------+-------+-------+-------+-------++-------
  Melee: War axe           |   141 |    36 |       |       ||   177
         Bite              |     7 |     3 |    13 |       ||    23
         Broad axe         |       |    13 |   206 |    17 ||   236
    Use: Scroll            |     5 |     4 |     8 |     2 ||    19
         Potion            |       |     1 |     2 |     4 ||     7
 Armour: Chain mail        |   142 |    34 |   157 |    32 ||   365
         Scale mail        |     4 |       |       |       ||     4
  Dodge: Dodged            |    53 |     6 |    64 |     8 ||   131
  Block: Buckler           |    24 |       |       |       ||    24
         Kite shield       |    20 |    29 |   156 |    19 ||   224

Table legend: (Time is in decaauts)
 A = Elapsed time spent in this place.
 B = Non-inter-level travel time spent in this place.
 C = Inter-level travel time spent in this place.
 D = Time resting spent in this place.
 E = Time spent auto-exploring this place.
 F = Levels seen in this place.
 G = Mean time per level.
                   A        B        C        D        E       F      G
               +--------+--------+--------+--------+--------+-----+--------+
         Total |   6537 |   6245 |    292 |    700 |   4090 |   9 |  726.3 |
       Dungeon |   6468 |   6186 |    282 |    700 |   4090 |   8 |  808.5 |
        Temple |     69 |     59 |     10 |      0 |      0 |   1 |   69.0 |
               +--------+--------+--------+--------+--------+-----+--------+

Top non-repeatable levels by time:
     D:7: 1271 daAuts
     D:4: 985 daAuts
     D:1: 915 daAuts
     D:2: 893 daAuts
     D:6: 857 daAuts
     D:3: 621 daAuts
     D:5: 510 daAuts
     D:8: 412 daAuts
  Temple: 69 daAuts
